 Dungeon Crawl Stone Soup version 0.29-a0-994-gc5c9f59d18 (webtiles) character file.

Game seed: 10056069948096705240

1866 testman the Fighter (level 8, -2/79 HPs)
             Began as a Minotaur Hunter on Aug 3, 2022.
             Slain by a human
             ... wielding a +2 vorpal hand axe
              (13 damage)
             ... in a bailey.
             The game lasted 00:12:55 (5719 turns).

testman the Fighter (Minotaur Hunter)               Turns: 5719, Time: 00:12:56

Health: -2/79      AC: 11    Str: 17    XL:     8   Next: 90%
Magic:  7/7        EV: 11    Int:  6    God:
Gold:   315        SH:  0    Dex: 15    Spells: 7/7 levels left

rFire   . . .      SeeInvis .   a - +0 shortbow
rCold   . . .      Faith    .   (shield currently unavailable)
rNeg    + + .      Spirit   .   t - +0 ring mail "Zidd" {rN++ Stlth-}
rPois   +          Reflect  .   s - +1 hat
rElec   .          Harm     .   x - +0 cloak
rCorr   .          Rampage  .   (no gloves)
Will    .....                   (no boots)
Stlth   ..........              C - amulet of magic regeneration
HPRegen 0.23/turn               f - +4 ring of protection
MPRegen 0.50/turn               v - ring of poison resistance

@: confused, brilliant, ambrosia-drunk
A: horns 2, retaliatory headbutt
a: no special abilities


You were in a bailey.
You visited 1 branch of the dungeon, and saw 7 of its levels.
You also visited: Bailey.

You collected 315 gold pieces.

Inventory:

Hand Weapons
 a - a +0 shortbow (weapon)
Armour
 c - a +0 leather armour
 s - a +1 hat (worn)
 t - the +0 ring mail "Zidd" (worn) {rN++ Stlth-}
   (You found it on level 4 of the Dungeon)

   rN:        It greatly protects you from negative energy.
   Stlth:     It makes you less stealthy.
 x - a +0 cloak (worn)
Jewellery
 f - a +4 ring of protection (left hand)
 q - a ring of positive energy
 v - a ring of poison resistance (right hand)
 B - an amulet of faith
 C - an amulet of magic regeneration (around neck)
 H - an amulet of reflection
 L - a +6 ring of strength
Wands
 n - a wand of mindburst (11)
 y - a wand of charming (8)
 J - a wand of flame (19)
Scrolls
 b - 2 scrolls of immolation
 d - a scroll of vulnerability
 e - a scroll of brand weapon {unknown}
 i - 3 scrolls of poison
 j - 2 scrolls of noise
 l - 4 scrolls of teleportation
 w - a scroll of amnesia
 D - a scroll of fear {unknown}
 F - a scroll of summoning {unknown}
 I - a scroll of blinking {unknown}
 K - a scroll of enchant weapon {unknown}
Potions
 h - 2 potions of attraction
 m - 2 potions of berserk rage {unknown}
 o - 3 potions of haste
 p - a potion of might {unknown}
 r - 2 potions of curing
 u - a potion of flight {unknown}
 A - a potion of mutation {unknown}
 E - 2 potions of heal wounds {unknown}
 G - a potion of degeneration {unknown}


   Skills:
 + Level 10.1 Fighting
 + Level 10.0 Ranged Weapons
 - Level 2.1 Dodging
 - Level 0.7 Stealth


You had 7 spell levels left.
You didn't know any spells.
Your spell library contained the following spells:

 Spells                   Type           Power      Damage    Failure   Level
 Necrotise                Necr           0%         1d4       67%         1
 Sandblast                Erth           0%         2d4       67%         1
 Ensorcelled Hibernation  Hex/Ice        0%         N/A       80%         2
 Passwall                 Tmut/Erth      0%         N/A       80%         2
 Sublimation of Blood     Necr           0%         N/A       80%         2
 Spider Form              Tmut/Pois      0%         N/A       95%         3
 Stone Arrow              Conj/Erth      0%         3d7       95%         3
 Vampiric Draining        Necr           0%         2d6       95%         3
 Anguish                  Hex/Necr       0%         N/A       100%        4
 Petrify                  Tmut/Erth      0%         N/A       100%        4
 Agony                    Necr           0%         N/A       100%        5
 Blade Hands              Tmut           0%         N/A       100%        5
 Irradiate                Conj/Tmut      0%         3d11      100%        5
 Dragon Form              Tmut           0%         N/A       100%        7


Dungeon Overview and Level Annotations

Branches:
Dungeon (7/15)             Temple (0/1) D:7          Bailey (1/1)

Altars:
Nemelex Xobeh
Vehumet
Zin

Shops:
D:5 (


Innate Abilities, Weirdness & Mutations

You have a pair of horns on your head.
You reflexively headbutt those who attack you in melee.


Message History

You shoot an arrow.
The arrow hits the human but does no damage.
The human is moderately wounded.
The human hits you with a +0 vorpal hand axe.
The human hits you with a +2 vorpal hand axe.
You are too injured to fight recklessly!
You are too injured to fight recklessly!
Okay, then.
The air fills with toxic fumes!
As you read the scroll of poison, it crumbles to dust.
The human hits you with a +0 vorpal hand axe!
The human barely misses you.
You are too injured to fight recklessly!
Fire: a) +0 shortbow
Press: ? - help, Q - select action, (/) - cycle Shift-Dir - straight line, f/p - human
Aim: a human, wielding a +2 vorpal hand axe and wearing a +0 ring mail (moderately wounded, 63% to hit)
You shoot an arrow.
The arrow hits the human but does no damage.
The human is moderately wounded.
The human hits you but does no damage. x2
Fire: a) +0 shortbow
Press: ? - help, Q - select action, (/) - cycle Shift-Dir - straight line, f/p - human
Aim: a human, wielding a +2 vorpal hand axe and wearing a +0 ring mail (moderately wounded, 63% to hit)
You shoot an arrow. The arrow misses the human.
The human hits you with a +0 vorpal hand axe.
* * * LOW HITPOINT WARNING * * *
The human hits you with a +2 vorpal hand axe.
* * * LOW HITPOINT WARNING * * *
x2 It was a potion of brilliance.
You feel clever all of a sudden.
The human hits you with a +0 vorpal hand axe.
* * * LOW HITPOINT WARNING * * *
x2 The human barely misses you.
You furiously retaliate!
You headbutt the human, but do no damage.
You are confused.
You feel invigorated.
The human hits you with a +0 vorpal hand axe.
* * * LOW HITPOINT WARNING * * *
x2 The human hits you with a +2 vorpal hand axe!
You die...

#§§ #§☼#
##+##
#§§§##§§§##
#§§§#§§§§§#
#§§p#§§§§§#
gpp#§§§~~#
#p#§#~~##
##p@§####
#§☼§§§#
#§§§§☼#
#§§☼§§#
##§§§##
#####


You could see 5 humans and a goblin.

Vanquished Creatures
  An orc warrior (D:7)
  3 ogres
  A black bear (D:6)
  A centaur (D:5)
  3 phantoms
  A kobold brigand (D:7)
  3 bullfrogs (Bailey)
  5 scorpions
  An orc priest (D:5)
  3 hounds
  A gnoll bouda (D:6)
  2 jellies
  2 iguanas
  An orc wizard (D:5)
  4 gnolls (D:2)
  10 adders
  A white imp (D:6)
  An ufetubus (D:4)
  2 worms
  4 dart slugs
  12 orcs
  9 ball pythons
  7 bats
  9 endoplasms
  6 giant cockroaches
  7 goblins
  7 hobgoblins
  4 jackals (D:1)
  4 quokkas
  7 frilled lizards
  10 kobolds
  3 rats (D:1)
135 creatures vanquished.

Vanquished Creatures (others)
  An orc wizard (D:5)
1 creature vanquished.

Grand Total: 136 creatures vanquished

Notes
Turn   | Place    | Note
-------+----------+-------------------------------------------
     0 | D:1      | testman the Minotaur Hunter began the quest for the Orb.
     0 | D:1      | Reached XP level 1. HP: 18/18 MP: 0/0
   109 | D:1      | Reached XP level 2. HP: 25/25 MP: 1/1
   259 | D:1      | Reached skill level 5 in Ranged Weapons
   259 | D:1      | Reached XP level 3. HP: 28/31 MP: 2/2
  1052 | D:2      | Reached XP level 4. HP: 40/40 MP: 3/3
  1902 | D:3      | Reached XP level 5. HP: 47/47 MP: 4/4
  2546 | D:4      | Reached skill level 5 in Fighting
  2645 | D:4      | Identified the +0 ring mail "Zidd" {rN++ Stlth-}
  2680 | D:4      | Reached XP level 6. HP: 57/57 MP: 5/5
  3309 | D:5      | Entered Level 5 of the Dungeon
  3546 | D:5      | Reached XP level 7. HP: 64/64 MP: 6/6
  4060 | D:5      | HP: 2/66 [ogre/+0 giant club (12)]
  4359 | D:5      | Found Gecsir's Antique Weapon Boutique.
  4514 | D:5      | Found a radiant altar of Vehumet.
  4664 | D:6      | Reached XP level 8. HP: 75/75 MP: 7/7
  5166 | D:6      | Found a glowing silver altar of Zin.
  5167 | D:6      | Noticed an angel
  5207 | D:6      | Found a sparkling altar of Nemelex Xobeh.
  5404 | D:7      | Found a flagged portal.
  5441 | Bailey   | Entered a bailey
  5640 | Bailey   | Reached skill level 10 in Fighting
  5641 | Bailey   | Reached skill level 10 in Ranged Weapons
  5719 | Bailey   | Slain by a human

Illustrated notes

Levels and vault maps discovered:
D:1:      nzn_arrival_depleted_hourglass, layout_basic, minmay_pentomino_w2
D:2:      layout_basic
D:3:      layout_basic, kennysheep_generic_room_8
D:4:      layout_basic
D:5:      layout_loops_corners, mainiacjoe_overflow_alcove_4, serial_shops,
          nicolae_diamond_shop
D:6:      kennysheep_spiral_hall, layout_cave_pools,
          nemelex_xobeh_ov_fountains_minmay, zin_angel,
          kennysheep_cluttered_room
D:7:      layout_loops_ring, nicolae_overflow_crystal_walls,
          minmay_temple_entry_statues_fountains, enter_bailey_6,
          grunt_ministairs_7, item_on_display_a
Bailey:   bailey_axe_froggy_fort_hellmonk, bailey

Skill      XL: |  1  2  3  4  5  6  7  8 |
---------------+-------------------------+-----
Fighting       | 3 4 5 6 8 10 | 10.1
Ranged Weapons | 5 6 7 8 10 | 10.0
Dodging        | |  2.1
Stealth        | |  0.7

Action                   |  1- 3 |  4- 6 |  7- 9 || total
-------------------------+-------+-------+-------++-------
 Fire: Shortbow          |   111 |   183 |   187 ||   481
  Use: Potion            |       |       |     5 ||     5
       Scroll            |       |       |    10 ||    10
Armor: Leather armour    |    13 |    10 |       ||    23
       Ring mail         |       |    27 |    55 ||    82
Dodge: Dodged            |    21 |    74 |    79 ||   174

Table legend: (Time is in decaauts)
 A = Elapsed time spent in this place.
 B = Non-inter-level travel time spent in this place.
 C = Inter-level travel time spent in this place.
 D = Time resting spent in this place.
 E = Time spent auto-exploring this place.
 F = Levels seen in this place.
 G = Mean time per level.
                   A        B        C        D        E       F      G
               +--------+--------+--------+--------+--------+-----+--------+
         Total |   5823 |   5711 |    112 |    232 |   4606 |   8 |  727.9 |
       Dungeon |   5541 |   5429 |    112 |     51 |   4539 |   7 |  791.6 |
        Bailey |    281 |    281 |      0 |    181 |     67 |   1 |  281.0 |
               +--------+--------+--------+--------+--------+-----+--------+

Top non-repeatable levels by time:
     D:5: 1373 daAuts
     D:3: 976 daAuts
     D:4: 841 daAuts
     D:2: 786 daAuts
     D:1: 766 daAuts
     D:6: 644 daAuts
  Bailey: 281 daAuts
     D:7: 152 daAuts
